 Dungeon Crawl Stone Soup version 0.23.1 (webtiles) character file.

Game seed: 7917402016097193080

114 night the Ruffian (level 4, -2/44 HPs)
             Began as a Troll Fighter on Mar 8, 2019.
             Slain by a gnoll
             ... wielding a +0 halberd
              (9 damage)
             ... on level 2 of the Dungeon.
             The game lasted 00:02:53 (1104 turns).

night the Ruffian (Troll Fighter)                   Turns: 1104, Time: 00:02:53

Health: -2/44      AC:  6    Str: 25    XL:     4   Next: 67%
Magic:  3/3        EV:  8    Int:  4    God:
Gold:   80         SH:  9    Dex:  9    Spells: 3/3 levels left

rFire    + . .     SeeInvis .     - Unarmed
rCold    . . .     Gourm    +   b - +0 shield
rNeg     . . .     Faith    .   a - +0 robe
rPois    .         Spirit   .   (helmet restricted)
rElec    .         Reflect  .   (no cloak)
rCorr    .         Harm     .   (gloves unavailable)
MR       .....                  (boots unavailable)
Stlth    +.........             (no amulet)
HPRegen  0.54/turn              i - ring of protection from fire
MPRegen  0.08/turn              (no ring)

@: no status effects
A: large, unfitting armour, claws 3, fast metabolism 3, gourmand, regeneration
1, shaggy fur 1, tough skin 3
a: no special abilities


You were on level 2 of the Dungeon.
You were completely stuffed.

You visited 1 branch of the dungeon, and saw 2 of its levels.

You collected 80 gold pieces.

Inventory:

Missiles
 e - 36 stones (quivered)
 g - 2 large rocks
Armour
 a - a +0 robe (worn)
 b - a +0 shield (worn)
Jewellery
 i - a ring of protection from fire (left claw)
 m - a +3 ring of evasion {unknown}
Scrolls
 f - 2 scrolls of remove curse {unknown}
 h - 2 scrolls of teleportation {unknown}
 k - a scroll of enchant armour {unknown}
Potions
 c - 2 potions of might
 j - 2 potions of invisibility {unknown}
 l - 2 potions of curing {unknown}
Comestibles
 d - 4 rations
 n - 5 chunks of flesh


   Skills:
 - Level 2.4 Fighting
 - Level 2.4 Dodging
 + Level 3.2 Shields
 * Level 4.2 Unarmed Combat


You had 3 spell levels left.
You didn't know any spells.
Your spell library was empty.

Dungeon Overview and Level Annotations

Branches:
Dungeon (2/15)

Altars:
Fedhas


Innate Abilities, Weirdness & Mutations

You are too large for most types of armour.
You have claws for hands.
Your metabolism is lightning-fast.
You like to eat raw meat.
Your natural rate of healing is unusually fast.
You are covered in fur. (AC +1)
You have extremely tough skin. (AC +3)


Message History

The gnoll is lightly wounded.
You block the gnoll's attack.
The gnoll hits you from afar with a +0 halberd!
You scratch the gnoll.
The gnoll is moderately wounded.
You block the gnoll's attack. x2
You scratch the gnoll but do no damage.
The gnoll is moderately wounded.
The gnoll hits you with a +0 club. You block the gnoll's attack.
You mangle the gnoll!!
You kill the gnoll!
The gnoll hits you with a +0 halberd!
* * * LOW HITPOINT WARNING * * *
Things that are here:
a +0 club; a gnoll corpse You closely miss the gnoll.
The gnoll hits you with a +0 halberd!
* * * LOW HITPOINT WARNING * * *
You completely miss the gnoll. The gnoll hits you but does no damage.
You closely miss the gnoll. The gnoll hits you with a +0 halberd!
You die...

.# #####.....## ###
#.............# ..#
# #.#####.#####..
..#.# #<# #.# .#
..#.# #.# #.# ..
...># #.# #.# .#
..## #.# .# ..#
#.###########.#.###.
..#
#...†)@g..........>.
###
#########.###.#.....
#.# .# #.# #.# .#
... .# # # #.# ##
..# #.# #.# #<#
..###


You could see a gnoll.

Vanquished Creatures
  Terence (D:2)
  2 gnolls (D:2)
  An adder (D:2)
  2 worms (D:2)
  4 dart slugs (D:1)
  3 giant cockroaches
  4 goblins
  8 hobgoblins
  3 jackals (D:1)
  A quokka (D:2)
  7 bats
  5 kobolds (D:1)
  7 rats
48 creatures vanquished.

Notes
Turn   | Place    | Note
-------+----------+-------------------------------------------
     0 | D:1      | night the Troll Fighter began the quest for the Orb.
     0 | D:1      | Reached XP level 1. HP: 22/22 MP: 0/0
    74 | D:1      | Reached XP level 2. HP: 29/29 MP: 1/1
   308 | D:1      | Reached skill level 3 in Unarmed Combat
   369 | D:1      | Reached XP level 3. HP: 36/36 MP: 2/2
   908 | D:2      | Noticed Terence
   917 | D:2      | Killed Terence
   917 | D:2      | Reached XP level 4. HP: 44/44 MP: 3/3
   960 | D:2      | Found a blossoming altar of Fedhas.
  1017 | D:2      | Reached skill level 4 in Unarmed Combat
  1104 | D:2      | Slain by a gnoll

Skill      XL: |  1  2  3  4 |
---------------+-------------+-----
Unarmed Combat | 3 4 |  4.2
Shields        | 3 |  3.2
Fighting       | |  2.4
Dodging        | |  2.4

Action                   |  1- 3 |  4- 6 || total
-------------------------+-------+-------++-------
Melee: Unarmed           |    72 |    43 ||   115
 Stab: Distracted        |     1 |       ||     1
  Eat: Chunk             |    11 |     5 ||    16
Armor: Robe              |    26 |    11 ||    37
Dodge: Dodged            |    17 |    12 ||    29
Block: Shield            |    33 |    20 ||    53
